 Dungeon Crawl Stone Soup version 0.22.0 (webtiles) character file.

41 iamserjio the Sneak (level 3, 0/24 HPs)
             Began as an Octopode Assassin on Aug 11, 2018.
             Hit by a goblin thrown by Robin (2 damage)
             ... on level 1 of the Dungeon.
             The game lasted 00:02:33 (668 turns).

iamserjio the Sneak (Octopode Assassin)              Turns: 668, Time: 00:02:34

Health: 0/24       AC:  1    Str: 10    XL:     3   Next: 52%
Magic:  3/3        EV: 14    Int: 14    God:
Gold:   69         SH:  0    Dex: 13    Spells: 2/2 levels left

rFire    . . .     SeeInvis .   a - +2 dagger
rCold    . . .     Gourm    .   (no shield)
rNeg     . . .     Faith    .   (helmet restricted)
rPois    .         Spirit   .   (no amulet)
rElec    .         Reflect  .   (no ring)
rCorr    .         Harm     .   (no ring)
MR       .....                  (no ring)
Stlth    ++++......             (no ring)
HPRegen  0.08/turn              (no ring)
MPRegen  0.08/turn              (no ring)
                                (no ring)
                                (no ring)

@: no status effects
A: almost no armour, stealthy swim, amphibious, 8 rings, constrict 8, camouflage
1, gelatinous body 1
a: no special abilities


You were on level 1 of the Dungeon.
You were not hungry.

You visited 1 branch of the dungeon, and saw 2 of its levels.

You collected 69 gold pieces.

Inventory:

Hand Weapons
 a - a +2 dagger (weapon)
 b - a +0 blowgun
 n - a +2 hunting sling of freezing
Missiles
 c - 26 poisoned needles
 d - 2 curare-tipped needles {!f}
 m - 13 arrows
 o - 45 stones (quivered)
Jewellery
 e - a +2 ring of protection {unknown}
Scrolls
 g - a scroll of blinking {unknown}
 h - a scroll of remove curse {unknown}
 i - a scroll of enchant armour {unknown}
 j - a scroll of magic mapping {unknown}
 k - a scroll of identify {unknown}
Potions
 l - a potion of ambrosia {unknown}
Comestibles
 f - a ration


   Skills:
 - Level 2.0 Fighting
 - Level 2.0 Short Blades
 - Level 2.0 Throwing
 * Level 2.8 Dodging
 + Level 5.9 Stealth


You had 2 spell levels left.
You didn't know any spells.
Your spell library was empty.

Dungeon Overview and Level Annotations

Branches:
Dungeon (2/15)

Altars:
Ru

Annotations:
D:1 Robin


Innate Abilities, Weirdness & Mutations

You cannot wear most types of armour.
You are very stealthy in the water. (Stealth+)
You are amphibious.
You can wear up to eight rings at the same time.
You can use your tentacles to constrict eight enemies at once.
Your skin changes colour to match your surroundings (Stealth+).
Your rubbery body absorbs attacks. (AC +1, EV +1)


Message History

You climb downwards.
Level annotation: Robin The goblin hits you but does no damage.
Robin roars a battlecry!
The goblins go into a battle-frenzy!
The goblin hits you with a club. The hobgoblin misses you.
The goblin completely misses you.
There is a stone staircase leading up here.
Robin hits you with a dagger. The hobgoblin misses you.
The goblin barely misses you. The goblin hits you but does no damage.
The goblin hits you with a club!
* * * LOW HITPOINT WARNING * * *
You climb upwards.
There is a stone staircase leading down here.
The hobgoblin closely misses you. Robin hits you with a dagger.
* * * LOW HITPOINT WARNING * * *
The goblin hits you with a club.
* * * LOW HITPOINT WARNING * * *
Robin throws the goblin at you!
You die...

#........##........
#........##........
#.......)##........
#........#.>.##...#
#.....))...)#####.#
#........#...## #.#
#..........#..###..
#..g......###......
#g@g>g..........##.
######)##g#..#######.[..
##...........## ###..
##.............## ##..
#...............# #...
#...............#######.#.
#...............).......##
#...............######....
#...............)####.....


You could see Robin, a hobgoblin and 3 goblins.

Vanquished Creatures
  2 oozes (D:1)
  A dart slug (D:1)
  2 giant cockroaches (D:1)
  9 goblins (D:1)
  6 hobgoblins (D:1)
  3 bats (D:1)
  4 frilled lizards (D:1)
  2 kobolds (D:1)
  A rat (D:1)
30 creatures vanquished.

Notes
Turn   | Place    | Note
-------+----------+-------------------------------------------
     0 | D:1      | iamserjio the Octopode Assassin began the quest for the Orb.
     0 | D:1      | Reached XP level 1. HP: 14/14 MP: 1/1
   170 | D:1      | Reached XP level 2. HP: 13/19 MP: 2/2
   383 | D:1      | Reached XP level 3. HP: 24/24 MP: 3/3
   471 | D:1      | Found a sacrificial altar of Ru.
   590 | D:2      | Noticed Robin
   668 | D:1      | Hit by a goblin thrown by Robin

Skill      XL: |  1  2 |
---------------+-------+-----
Dodging        | 2 |  2.8
Fighting       | |  2.0
Short Blades   | |  2.0
Throwing       | |  2.0
Stealth        | |  5.9

Action                   || total
-------------------------++-------
Melee: Dagger            ||    55
       Tentacles         ||    14
       Constrict         ||    13
 Stab: Sleeping          ||     5
       Distracted        ||     1
Armor: Skin              ||     5
Dodge: Dodged            ||    51
